 Dungeon Crawl Stone Soup version 0.29.1-2-gbd0b4ee654 (webtiles) character file.

Game seed: 5388200378882962879

3 xian the Firebug (level 1, 0/13 HPs)
             Began as a Demonspawn Fire Elementalist on Oct 23, 2022.
             Slain by a jackal (1 damage)
             ... on level 1 of the Dungeon.
             The game lasted 00:00:23 (85 turns).

xian the Firebug (Demonspawn Fire Elementalist)       Turns: 85, Time: 00:00:24

Health: 0/13       AC:  2    Str:  8    XL:     1   Next: 41%
Magic:  2/3        EV: 12    Int: 16    God:
Gold:   0          SH:  0    Dex: 13    Spells: 3/4 levels left

rFire   . . .      SeeInvis .   (no weapon)
rCold   . . .      Faith    .   (no shield)
rNeg    . . .      Spirit   .   a - +0 robe
rPois   .          Reflect  .   (no helmet)
rElec   .          Harm     .   (no cloak)
rCorr   .          Rampage  .   (no gloves)
Will    .....                   (no boots)
Stlth   ++........              (no amulet)
HPRegen 0.04/turn               (no ring)
MPRegen 0.08/turn               (no ring)

@: no status effects
A: no striking features
a: no special abilities


You were on level 1 of the Dungeon.
You visited 1 branch of the dungeon, and saw 1 of its levels.

Inventory:

Armour
 a - a +0 robe (worn)
Potions
 b - a potion of magic
 c - a potion of attraction {unknown}
 d - a potion of heal wounds {unknown}


   Skills:
 + Level 1.7 Dodging
 + Level 1.9 Stealth
 + Level 2.0 Spellcasting
 + Level 1.1 Conjurations
 + Level 2.8 Fire Magic


You had 3 spell levels left.
You knew the following spells:

 Your Spells              Type           Power      Damage    Failure   Level
a - Foxfire               Conj/Fire      28%        2x1d5     10%         1

Your spell library contained the following spells:

 Spells                   Type           Power      Damage    Failure   Level
 Scorch                   Fire           20%        2d6       10%         2
 Conjure Flame            Conj/Fire      7%         6-21      28%         3
 Inner Flame              Hex/Fire       6%         N/A       34%         3
 Flame Wave               Conj/Fire      7%         2d5       67%         4


Dungeon Overview and Level Annotations

Branches:
Dungeon (1/15)

Altars:


Message History

The jackal misses you. The jackal completely misses you.
You hit the jackal.
You kill the jackal!
You see here a jackal corpse.
A bat comes into view.
A jackal comes into view.
You see here a jackal corpse. 3 jackals come into view.
Found a stone staircase leading down.
The jackal barks!
The bat hits you.
A jackal comes into view.
A frilled lizard comes into view.
Found a scroll labelled YTROAT LOIJ and a dagger.
The frilled lizard hisses angrily.
The jackal barks! x2
The bat barely misses you.
A jackal comes into view.
A bat comes into view.
The jackal bites you but does no damage. x2
The bat hits you. The jackal bites you.
* * * LOW HITPOINT WARNING * * *
The jackal barely misses you.
The jackal bites you but does no damage.
The frilled lizard bites you.
* * * LOW HITPOINT WARNING * * *
The jackal attacks as you move away!
The jackal bites you but does no damage.
The jackal barks! x2
The jackal bites you.
* * * LOW HITPOINT WARNING * * *
The frilled lizard barely misses you.
Unknown command.
The jackal barely misses you.
Okay, then.
You see here a jackal corpse.
The jackal bites you but does no damage.
The jackal attacks as you move away! The jackal closely misses you.
You see here a jackal corpse.
The jackal attacks as you move away! The jackal barely misses you.
The jackal bites you.
You die...

.........†..#####.#####
..........#...........
###.....###....<....#
#....## ##.......##
#########
#...#.....#.....#..
.)......#
#..###...###...## .
......h.#
#.#####.#####.##
.......h#####..........
....
......hhbl†.hh@........
.>..
.?.....h###############
##..# ........#
........# ........#
..>.....# #########


You could see 5 jackals, a bat and a frilled lizard.

Vanquished Creatures
  2 jackals (D:1)
  A bat (D:1)
3 creatures vanquished.

Vanquished Creatures (others)
  8 foxfires (D:1)
8 creatures vanquished.

Grand Total: 11 creatures vanquished

Notes
Turn   | Place    | Note
-------+----------+-------------------------------------------
     0 | D:1      | xian the Demonspawn Fire Elementalist began the quest for
                  | the Orb.
     0 | D:1      | Reached XP level 1. HP: 13/13 MP: 3/3
    85 | D:1      | Slain by a jackal

Illustrated notes

Levels and vault maps discovered:
D:1:      onia_arrival_pyramid, layout_rooms

Action                   || total
-------------------------++-------
Melee: Unarmed           ||     8
 Cast: Foxfire           ||     6
Armor: Robe              ||     5
Dodge: Dodged            ||    15
